 Dungeon Crawl Stone Soup version 0.18.1-51-gd549091e01 (webtiles) character file.

4677 magog001 the Slinger (level 10, 67/84 HPs)
             Began as a Minotaur Hunter on Aug 4, 2020.
             Was a Follower of Nemelex Xobeh.
             Starved to death
             ... on level 9 of the Dungeon on Aug 7, 2020.
             The game lasted 01:09:10 (10458 turns).

magog001 the Slinger (Minotaur Hunter)             Turns: 10458, Time: 01:09:10

Health: 67/84      AC: 14    Str: 19    XL:     10   Next: 21%
Magic:  9/9        EV:  5    Int: 12    God:    Nemelex Xobeh [*.....]
Gold:   426        SH:  7    Dex: 12    Spells: 0 memorised, 9 levels left

rFire  . . .     SeeInvis .     D - +2 trident (vamp)
rCold  . . .     Gourm    .     g - -1 plate armour (curse)
rNeg   . . .     Faith    .     G - +0 shield
rPois  .         Spirit   .     (helmet restricted)
rElec  .         Dismiss  .     (no cloak)
rCorr  .         Reflect  .     (no gloves)
SustAt +         Harm     .     l - +1 pair of boots
MR     .....                    u - amulet of magic regeneration
Stlth  ..........               B - +4 ring of intelligence
                                x - ring of sustain attributes

@: fainting, not resistant to hostile enchantments, extremely unstealthy
A: retaliatory headbutt, horns 2
a: Renounce Religion


You were on level 9 of the Dungeon.
You worshipped Nemelex Xobeh.
Nemelex Xobeh was aware of your devotion.
You were fainting.

You visited 2 branches of the dungeon, and saw 10 of its levels.

You collected 426 gold pieces.

Inventory:

Hand Weapons
 a - a +2 hunting sling
 D - a +2 vampiric trident (weapon)
 E - a +2 mace of draining
Missiles
 e - 9 tomahawks
 k - 88 stones (quivered)
 m - 59 bolts
 o - 2 javelins
 r - 31 poisoned needles
 J - 5 poisoned tomahawks
Armour
 g - a cursed -1 plate armour (worn)
 l - a +1 pair of boots (worn)
 z - a +3 ring mail of cold resistance
 G - a +0 shield (worn)
Jewellery
 u - an amulet of magic regeneration (around neck)
 x - a ring of sustain attributes (left hand)
 B - a +4 ring of intelligence (right hand)
Wands
 b - a wand of paralysis (7/24)
 d - a wand of digging (4/24)
 h - a wand of teleportation (0/9)
Scrolls
 i - a scroll of identify
 q - 2 scrolls of noise
 t - 2 scrolls of fog
 v - a scroll of amnesia
 y - a scroll of fear
 I - 2 scrolls of teleportation
Potions
 j - a potion of magic
 n - 2 potions of ambrosia
 p - 3 potions of brilliance
 C - a potion of invisibility {unknown}
Miscellaneous
 c - a plain deck of war
 M - a plain deck of destruction


   Skills:
 * Level 6.4 Fighting
 * Level 13.5 Slings
 * Level 6.5 Armour
 * Level 5.2 Dodging
 - Level 0.8 Stealth


You had 9 spell levels left.
You didn't know any spells.

Dungeon Overview and Level Annotations

Branches:
Dungeon (9/15)             Temple (1/1) D:5            Lair (0/8) D:9
    Orc: D:9-12

Altars:
Ashenzari
Cheibriados
Dithmenos
Elyvilon
Fedhas
Gozag
Kikubaaqudgha
Makhleb
Nemelex Xobeh
Okawaru
Pakellas
Qazlal
Ru
Sif Muna
Trog
Vehumet
Xom
Yredelemnul
Zin
The Shining One

Shops:
D:6 (


Innate Abilities, Weirdness & Mutations

You reflexively headbutt those who attack you in melee.
You have a pair of horns on your head.


Message History

The hungry ghost is severely damaged.
The hungry ghost hits you.
You feel slightly more hungry.
You miss the hungry ghost. You headbutt the hungry ghost!
The hungry ghost is almost destroyed.
The hungry ghost hits you.
You feel slightly more hungry.
Your shield and plate armour prevent you from hitting the hungry ghost.
The hungry ghost is almost destroyed.
The hungry ghost hits you.
You feel slightly more hungry. The hungry ghost hits you.
You feel slightly more hungry.
You hit the hungry ghost.
The hungry ghost is almost destroyed.
The hungry ghost hits you.
You feel slightly more hungry.
You miss the hungry ghost.
The hungry ghost is almost destroyed.
The hungry ghost hits you. You block the hungry ghost's attack.
You closely miss the hungry ghost.
The hungry ghost is almost destroyed.
You have starved to death.
You die...
Your body glows slightly and disappears.

♣♣♣ ♣♣.♣♣♣♣♣♣♣
###########♣.♣.♣ ..%♣♣
..........#♣.♣.♣ ♣%_%♣
...........♣.♣.♣♣♣.%.♣
...........♣.♣♣.♣Wc♣.♣
.<..........♣♣.♣@♣♣♣ ♣
..........#♣♣♣♣.♣♣
..........# ♣♣
..........#
..........#
..........# .#
########### ..# ...#
#.# .. ##.##### #.# ..


You could see a hungry ghost and a centaur.

Vanquished Creatures
  Pikel (D:6)
  6 yaks
  Edmund (D:5)
  2 water moccasins
  2 hell hounds (D:8)
  A slave (D:6)
  2 ice beasts (D:8)
  2 orc warriors
  2 ogres (D:4)
  3 centaurs
  A big kobold (D:8)
  3 giant frogs
  A scorpion (D:8)
  6 killer bees (D:7)
  2 howler monkeys
  6 crimson imps
  A giant frog zombie (D:6)
  A quasit (D:6)
  A centaur zombie (D:7)
  2 jellies
  4 hounds
  A gnoll shaman (D:6)
  3 giant frog skeletons
  2 iguanas
  7 orc wizards
  Ijyb (D:2)
  2 worker ants
  A hound zombie (D:6)
  Robin (D:2)
  A worker ant zombie (D:6)
  12 gnolls
  6 adders
  3 shadow imps
  2 adder skeletons (D:4)
  6 worms
  4 dart slugs
  2 giant geckos
  34 orcs
  A ball python (D:1)
  9 bats
  4 giant cockroaches
  16 goblins
  7 hobgoblins
  22 jackals
  5 quokkas
  A ball python skeleton (D:4)
  A giant cockroach zombie (D:5)
  A giant gecko skeleton (D:4)
  5 giant newts
  12 kobolds
  2 quokka skeletons (D:6)
  2 quokka zombies
  6 rats
  2 bushes (D:6)
  A plant (D:6)
  A withered plant (D:6)
236 creatures vanquished.

Vanquished Creatures (others)
  A giant frog zombie (D:6)
  A hound skeleton (D:6)
  A gnoll (D:6)
  An adder (D:6)
  A giant gecko (D:6)
  An orc (D:6)
  A ball python skeleton (D:6)
  A quokka zombie (D:6)
8 creatures vanquished.

Grand Total: 244 creatures vanquished

Notes
Turn   | Place    | Note
--------------------------------------------------------------
     0 | D:1      | magog001 the Minotaur Hunter began the quest for the Orb.
     0 | D:1      | Reached XP level 1. HP: 18/18 MP: 0/0
   196 | D:1      | Reached XP level 2. HP: 25/25 MP: 1/1
   226 | D:1      | Reached skill level 5 in Slings
   555 | D:1      | Reached XP level 3. HP: 30/30 MP: 2/2
  1016 | D:2      | Noticed Ijyb
  1288 | D:2      | Noticed Robin
  1298 | D:2      | Killed Robin
  1298 | D:2      | Reached skill level 6 in Slings
  1298 | D:2      | Reached XP level 4. HP: 25/37 MP: 3/3
  1312 | D:2      | Killed Ijyb
  2009 | D:3      | Reached XP level 5. HP: 41/44 MP: 4/4
  2328 | D:3      | Reached skill level 1 in Armour
  2685 | D:4      | Reached skill level 7 in Slings
  2944 | D:4      | Reached XP level 6. HP: 40/51 MP: 5/5
  3136 | D:4      | Reached skill level 8 in Slings
  3187 | D:4      | Reached XP level 7. HP: 56/57 MP: 6/6
  3521 | D:5      | Entered Level 5 of the Dungeon
  3600 | D:5      | Found a staircase to the Ecumenical Temple.
  3734 | Temple   | Entered the Ecumenical Temple
  3885 | D:5      | Noticed Edmund
  3912 | D:5      | Killed Edmund
  3912 | D:5      | Reached skill level 9 in Slings
  4370 | D:6      | Noticed Pikel
  4485 | D:6      | Killed Pikel
  4485 | D:6      | Reached skill level 10 in Slings
  4485 | D:6      | Reached XP level 8. HP: 41/67 MP: 7/7
  4936 | D:6      | Gained mutation: Your spells are a little harder to cast, but a little more powerful. [potion of mutation]
  4936 | D:6      | Gained mutation: You evolve. [potion of mutation]
  4936 | D:6      | Gained mutation: Your muscles are strong. (Str +2) [potion of mutation]
  4971 | D:6      | Reached skill level 11 in Slings
  5039 | D:6      | Found Amyos's Antique Weapon Emporium.
  5107 | D:6      | Found a blossoming altar of Fedhas.
  5108 | D:6      | Found a stormy altar of Qazlal.
  5109 | D:6      | Found a sparkling altar of Nemelex Xobeh.
  5118 | D:6      | Became a worshipper of Nemelex Xobeh the Trickster
  5305 | D:6      | Received a gift from Nemelex Xobeh
  5477 | D:6      | Gained mutation: You are robust (+10% HP). [evolution]
  5569 | D:6      | Lost mutation: Your spells are a little harder to cast, but a little more powerful. [potion of cure mutation]
  5569 | D:6      | Lost mutation: You evolve. [potion of cure mutation]
  5569 | D:6      | Lost mutation: You are robust (+10% HP). [potion of cure mutation]
  5569 | D:6      | Lost mutation: Your muscles are strong. (Str +2) [potion of cure mutation]
  5969 | D:6      | Reached skill level 5 in Fighting
  6221 | D:7      | Reached XP level 9. HP: 54/74 MP: 8/8
  6814 | D:7      | Found a bloodstained altar of Trog.
  6815 | D:7      | Found a white marble altar of Elyvilon.
  6816 | D:7      | Found an iron altar of Okawaru.
  6996 | D:7      | Reached skill level 12 in Slings
  6999 | D:7      | Reached skill level 5 in Armour
  7318 | D:7      | Found a burning altar of Makhleb.
  8346 | D:8      | Reached * piety under Nemelex Xobeh
  8668 | D:8      | Reached skill level 13 in Slings
  8897 | D:9      | Found a staircase to the Lair.
  9624 | D:9      | Received a gift from Nemelex Xobeh
  9655 | D:9      | Reached skill level 5 in Dodging
  9655 | D:9      | Reached XP level 10. HP: 71/83 MP: 9/9
 10403 | D:9      | Found a blossoming altar of Fedhas.
 10458 | D:9      | Starved to death

Skill      XL: |  1  2  3  4  5  6  7  8  9 |
---------------+----------------------------+-----
Slings         | 5 6 7 8 10 11 13 | 13.5
Armour         | 1 2 3 4 6 |  6.5
Fighting       | 3 4 5 6 |  6.4
Dodging        | 3 4 5 |  5.2
Stealth        | |  0.8

Action                   |  1- 3 |  4- 6 |  7- 9 | 10-12 || total
-------------------------+-------+-------+-------+-------++-------
Melee: Whip              |       |       |   232 |       ||   232
       Headbutt          |       |       |   107 |     2 ||   109
       Flail             |       |       |    22 |       ||    22
       Trident           |       |       |    34 |    39 ||    73
 Fire: Hunting sling     |   166 |   251 |   679 |    67 ||  1163
Evoke: Wand              |       |     1 |     2 |     1 ||     4
  Use: Scroll            |     5 |     6 |     8 |       ||    19
       Potion            |       |     4 |    11 |       ||    15
  Eat: Chunk             |     1 |     5 |     4 |       ||    10
       Beef jerky        |       |       |     1 |       ||     1
       Fruit             |       |       |     2 |       ||     2
       Meat ration       |       |       |     4 |       ||     4
       Bread ration      |       |       |     1 |     5 ||     6
       Royal jelly       |       |       |     1 |       ||     1
Armor: Leather armour    |    15 |    16 |       |       ||    31
       Skin              |       |    19 |     9 |       ||    28
       Ring mail         |       |    27 |   133 |       ||   160
       Plate armour      |       |       |    41 |    59 ||   100
Dodge: Dodged            |    34 |    79 |   136 |    14 ||   263
Block: Shield            |       |       |   106 |    33 ||   139
